AoeStats
← [PSCH] R!ce

Arabia

505830759Analyzed
1v1 RM · 22d ago on Sep 11, 2026· 48m 19s· 2 players
Game mode
Random Map
Map size
Tiny (2 player)
Population
200
Speed
Normal
Resources
Standard
Victory
Conquest
Starting age
Dark Age
Ending age
Imperial Age
RankedLock teamsTeams togetherTeam positionsShared explorationLock speedFull tech treeHidden civsTurbo modeCheats
Victory
Defeat
🇨🇭 Japanese · Switzerland
1524
+14
🇮🇳 Vietnamese · India
1483
-14
suny619
5:08 Loom
10:52 Feudal Age
14:55 Fletching
17:55 Town Watch
19:12 Double-Bit Axe
23:40 Castle Age
24:27 Bodkin Arrow
23:53 Crossbowman
24:22 Horse Collar
25:03 Bow Saw
25:35 Wheelbarrow
28:55 Hand Cart
28:55 Heavy Plow
31:36 Ballistics
31:59 Murder Holes
33:58 Guard Tower
44:23 Imperial Age
41:56 Murder Holes
42:58 Scale Barding Armor
46:29 Bracer
46:54 Forging
[PSCH] R!ce
6:50 Loom
9:26 Feudal Age
9:49 Man-at-Arms
16:51 Double-Bit Axe
23:02 Castle Age
22:07 Padded Archer Armor
21:57 Fletching
24:10 Elite Skirmisher
28:07 Bow Saw
28:00 Bodkin Arrow
31:40 Scale Mail Armor
31:56 Leather Archer Armor
34:03 Chain Mail Armor
35:12 Forging
35:16 Arson
38:05 Iron Casting
43:50 Imperial Age
44:37 Bracer
45:09 Plate Mail Armor
Connection lost

Rejoining the realm…

Still unreachable

The connection could not be restored.

Session expired

The server has moved on; the page needs a fresh start.